 Dungeon Crawl Stone Soup version 0.31.0-12-g77e489cdc1 (webtiles) character file.

Game seed: 9105578744124783481

122 CaptainMV the Slasher (level 4, -9/33 HPs)
             Began as a Demonspawn Wanderer on Feb 13, 2024.
             Was a Follower of Kikubaaqudgha.
             Killed by divine providence
             ... invoked by an orc priest
              (14 damage)
             ... on level 4 of the Dungeon.
             The game lasted 00:14:32 (1669 turns).

CaptainMV the Slasher (Demonspawn Wanderer)         Turns: 1669, Time: 00:14:36

Health: -9/33      AC: 10    Str: 20    XL:     4   Next: 78%
Magic:  4/4        EV: 11    Int: 10    God:    Kikubaaqudgha [*.....]
Gold:   172        SH:  0    Dex: 14    Spells: 2/3 levels left

rFire   + + .        a - +6 falchion of Articulation {vamp, rF+ Str+5}
rCold   + . .        (no shield)
rNeg    . . .        e - +0 leather armour
rPois   +            (no helmet)
rElec   +            (no cloak)
rCorr   +            (no gloves)
SInv    .            c - +0 pair of boots
Will    .....        (no amulet)
Stlth   ++           (no ring)
HPRegen 0.25/turn    (no ring)
MPRegen 0.09/turn

%: no passive effects
@: lethally poisoned (-9 -> -15), resistant, sanguine armoured
A: sanguine armour 1, demonic touch 1
a: Renounce Religion, Unearth Wretches


You were on level 4 of the Dungeon.
You worshipped Kikubaaqudgha.
Kikubaaqudgha was aware of your devotion.
You visited 1 branch of the dungeon, and saw 4 of its levels.

You collected 172 gold pieces.

Inventory:

Hand Weapons
 a - the +6 falchion of Articulation (weapon) {vamp, rF+ Str+5}
   (You found it on level 3 of the Dungeon)

   Str+5:     It affects your strength (+5).
   rF+:       It protects you from fire.
 b - a +0 orcbow
 k - a +0 flail
 m - a +0 falchion
Armour
 c - a +0 pair of boots (worn)
 e - a +0 leather armour (worn)
Magical Staves
 g - a staff of conjuration
Talismans
 l - a blade talisman
Potions
 d - 3 potions of mutation
 h - 2 potions of might {unknown}
 i - a potion of attraction {unknown}
 j - 3 potions of brilliance {unknown}


   Skills:
 + Level 2.0 Fighting
 + Level 3.7 Long Blades
 + Level 2.2 Maces & Flails
 + Level 0.2 Ranged Weapons
 + Level 1.5 Armour
 + Level 0.6 Dodging
 + Level 2.9 Stealth
 + Level 0.1 Spellcasting
 + Level 0.3 Necromancy
 + Level 1.0 Evocations


You had 2 spell levels left.
You knew the following spells:

 Your Spells              Type           Power      Damage    Failure   Level
a - Necrotise             Necr           0%         1d4       36%         1

Your spell library contained the following spells:

 Spells                   Type           Power      Damage    Failure   Level
 Sublimation of Blood     Necr           0%         N/A       50%         2
 Fugue of the Fallen      Necr           0%         N/A       75%         3
 Vampiric Draining        Necr           0%         2d6       75%         3


Dungeon Overview and Level Annotations

Branches:
Dungeon (4/15)
 Temple: D:4-7

Altars:
Kikubaaqudgha
Sif Muna


Innate Abilities, Weirdness & Mutations

When seriously injured, your blood forms armour. (AC +6)
Your touch may inflict minor irresistible damage on your foes.


Message History

The scorpion is severely wounded.
The scorpion closely misses you.
You hit the scorpion.
You feel better.
The scorpion is almost dead.
The scorpion completely misses you.
The kobold hits you with a +0 short sword.
You hit the scorpion.
You feel better.
The scorpion is almost dead.
The scorpion stings you.
You are poisoned.
The scorpion poisons you! The kobold hits you but does no damage.
The scorpion stings you but does no damage.
You barely miss the scorpion.
The scorpion is almost dead.
You feel very sick. The kobold closely misses you.
The orc priest hits you from afar with a +0 trident.
The scorpion stings you but does no damage.
You slash the scorpion!
You feel better.
You kill the scorpion!
Kikubaaqudgha accepts your kill.
* * * LOW HITPOINT WARNING * * *
You feel very sick. The kobold hits you but does no damage.
The orc priest hits you from afar with a +0 trident.
* * * LOW HITPOINT WARNING * * *
Your Fighting skill increases to level 2!
Your Armour skill increases to level 1!
You have reached level 4!
You feel agile.
Your demonic ancestry asserts itself...
You feel your blood ready itself to protect you.
It was a potion of resistance.
You feel protected.
Your blood congeals into armour.
You feel sick.
The kobold hits you with a +0 short sword.
* * * LOW HITPOINT WARNING * * *
The orc priest mumbles some strange prayers to Beogh against you.
Beogh smites you!
You die...
Kikubaaqudgha rasps: "You have failed me!
Welcome... death!"

...## .........
#...###........
#.....?.......
##...........#
##.....K....##
##...........#.
.#.....o##......
.......K........
..#.....@...#...
######...###..
##..# .. .## .#
.# .. ..


You could see an orc priest and a kobold.

Vanquished Creatures
  A scorpion (D:4)
  An adder (D:2)
  A dart slug (D:1)
  A ribbon worm (D:3)
  6 endoplasms
  7 goblins
  2 hobgoblins
  6 jackals (D:1)
  5 quokkas
  4 ball pythons (D:1)
  2 bats
  3 frilled lizards
  5 kobolds
  2 rats (D:3)
46 creatures vanquished.

Notes
Turn   | Place    | Note
-------+----------+-------------------------------------------
     0 | D:1      | CaptainMV the Demonspawn Wanderer began the quest for the
                  | Orb.
     0 | D:1      | CaptainMV set off with the following items: a +0 flail, a
                  | +0 falchion, a +0 pair of boots, a potion of mutation, a +0
                  | leather armour.
     0 | D:1      | Reached XP level 1. HP: 15/15 MP: 1/1
    74 | D:1      | Gained mutation: Your touch may inflict minor irresistible
                  | damage on your foes. [demonic ancestry]
    74 | D:1      | Reached XP level 2. HP: 5/21 MP: 2/2
    80 | D:1      | Reached skill level 3 in Long Blades
   355 | D:1      | Reached XP level 3. HP: 15/26 MP: 3/3
   536 | D:2      | Found a faded altar of an unknown god.
   565 | D:2      | Prayed at the altar of an unknown god.
   565 | D:2      | Became a worshipper of Kikubaaqudgha
   565 | D:2      | Reached * piety under Kikubaaqudgha
   565 | D:2      | Received a gift from Kikubaaqudgha
   568 | D:2      | Learned a level 1 spell: Necrotise
  1208 | D:3      | Found a shimmering blue altar of Sif Muna.
  1262 | D:3      | Identified the +6 falchion of Articulation {vamp, rF+
                  | Str+5}
  1633 | D:3      | You fall into a shaft and drop 1 floor!
  1654 | D:4      | Noticed a scorpion
  1668 | D:4      | Killed a scorpion
  1669 | D:4      | Reached skill level 1 in Armour
  1669 | D:4      | Gained mutation: When seriously injured, your blood forms
                  | armour. (AC +6) [demonic ancestry]
  1669 | D:4      | Reached XP level 4. HP: 8/33 MP: 4/4
  1669 | D:4      | Killed from afar by an orc priest

Illustrated notes

Levels and vault maps discovered:
D:1:      wander_arrival_lonely_grave, layout_rooms
D:2:      layout_loops_cross, hellmonk_ecumenical_altar_lost_god
D:3:      layout_basic, mainiacjoe_overflow_paths
D:4:      layout_layer_cave

Skill      XL: |  1  2  3 |
---------------+----------+-----
Maces & Flails | 2 |  2.2
Long Blades    | 3 |  3.7
Fighting       | 2 |  2.0
Armour         | 1 |  1.5
Ranged Weapons | |  0.2
Dodging        | |  0.6
Stealth        | |  2.9
Spellcasting   | |  0.1
Necromancy     | |  0.3
Evocations     | |  1.0

Action                     |  1- 3 |  4- 6 || total
---------------------------+-------+-------++-------
  Melee: Flail             |    46 |       ||    46
         Falchion          |    74 |       ||    74
         Touch             |    11 |       ||    11
   Fire: Orcbow            |    16 |       ||    16
   Cast: Necrotise         |     2 |       ||     2
    Use: Scroll            |     6 |       ||     6
         Potion            |       |     1 ||     1
   Stab: Sleeping          |     1 |       ||     1
 Armour: Leather armour    |   108 |     1 ||   109
  Dodge: Dodged            |    90 |       ||    90
